 Dungeon Crawl Stone Soup version 0.26-a0-660-gc07710193c (webtiles) character file.

Game seed: 18183807368772556999

47866 timneilson the Blocker (level 14, -1/127 HPs)
             Began as a Deep Dwarf Fighter on Oct 5, 2020.
             Was the Champion of Makhleb.
             Slain by a dire elephant (25 damage)
             ... on level 6 of the Lair of Beasts.
             The game lasted 00:44:12 (14548 turns).

timneilson the Blocker (Deep Dwarf Fighter)        Turns: 14548, Time: 00:44:13

Health: -1/127     AC: 23    Str: 24    XL:     14   Next: 10%
Magic:  11/11      EV:  7    Int: 20    God:    Makhleb [******]
Gold:   1154       SH: 14    Dex: 14    Spells: 13/13 levels left

rFire    + . .     SeeInvis .   n - +6 long sword of Frustration {flame, Int+4}
rCold    + . .     Faith    .   c - +0 kite shield
rNeg     + + .     Spirit   .   a - +2 plate armour {rF+}
rPois    +         Reflect  .   i - +0 helmet
rElec    .         Harm     .   (no cloak)
rCorr    .         Rampage  .   y - +1 pair of gloves
MR       ++...                  A - +0 pair of boots
Stlth    ..........             (no amulet)
HPRegen  0.00/turn              e - ring "Ulunakig" {rPois rN+ Dex+2}
MPRegen  0.12/turn              j - ring of Past Mistakes {rC+ Int+6}

@: non-regenerating
A: damage resistance, heal wounds, negative energy resistance 1, sense
surroundings 2, no regeneration
a: Heal Wounds, Minor Destruction, Lesser Servant of Makhleb, Major Destruction,
Greater Servant of Makhleb, Renounce Religion


You were on level 6 of the Lair of Beasts.
You worshipped Makhleb.
Makhleb was exalted by your worship.
You visited 3 branches of the dungeon, and saw 18 of its levels.
You also visited: Sewer and Gauntlet.

You collected 1154 gold pieces.

Inventory:

Hand Weapons
 n - the +6 long sword of Frustration (weapon) {flame, Int+4}
   (You found it on level 6 of the Dungeon)

   It has been specially enchanted to burn those struck by it, causing extra
   injury to most foes and up to half again as much damage against particularly
   susceptible opponents.
   Big, fiery blades are also staple armaments of hydra-hunters.
   It affects your intelligence (+4).
 z - a +1 scimitar of draining
Armour
 a - a +2 plate armour of fire resistance (worn)
 c - a +0 kite shield (worn)
 i - a +0 helmet (worn)
 y - a +1 pair of gloves (worn)
 A - a +0 pair of boots (worn)
Jewellery
 e - the ring "Ulunakig" (left hand) {rPois rN+ Dex+2}
   (You found it in a Gauntlet)

   [ring of poison resistance]

   It affects your dexterity (+2).
   It protects you from poison.
   It protects you from negative energy.
 j - the ring of Past Mistakes (right hand) {rC+ Int+6}
   (You found it in a Gauntlet)

   [ring of protection from cold]

   It affects your intelligence (+6).
   It protects you from cold.
 l - a +6 ring of dexterity
 o - a cursed ring of attention {unknown}
 u - a +4 ring of evasion
 x - an uncursed ring of flight
 C - an uncursed ring of positive energy
 D - an uncursed ring of protection from fire
 O - an uncursed ring of poison resistance {unknown}
Wands
 m - a wand of iceblast (18)
 r - a wand of flame (92)
 s - a wand of digging (9)
 w - a wand of random effects (87)
 B - a wand of acid (21)
 I - a wand of disintegration (11)
 N - a wand of enslavement (10)
Scrolls
 b - 11 scrolls of teleportation
 d - 2 scrolls of amnesia
 q - 6 scrolls of remove curse
 v - 2 scrolls of blinking
 H - 3 scrolls of enchant armour
 J - 3 scrolls of enchant weapon
 L - 3 scrolls of fear
 P - a scroll of magic mapping {unknown}
 Q - 2 scrolls of identify
 R - a scroll of brand weapon {unknown}
Potions
 f - 5 potions of stabbing
 g - a potion of lignification
 h - 4 potions of curing
 k - 4 potions of heal wounds
 p - 3 potions of magic
 t - a potion of experience {unknown}
 E - 4 potions of cancellation
 F - a potion of flight
 M - 3 potions of might
 S - a potion of resistance {unknown}
Miscellaneous
 G - a tin of tremorstones (3/3)
 K - a condenser vane (2/2)


   Skills:
 + Level 8.6 Fighting
 * Level 12.2 Long Blades
 * Level 13.4 Armour
 * Level 13.5 Shields
 + Level 9.0 Invocations
 + Level 9.0 Evocations


You had 13 spell levels left.
You didn't know any spells.
Your spell library contained the following spells:

 Spells                   Type           Power        Failure   Level
 Apportation              Tloc           #.....       90%         1
 Confusing Touch          Hex            #.......     99%         3
 Gell's Gravitas          Tloc           #.........   99%         3
 Lesser Beckoning         Tloc           #.........   99%         3
 Tukima's Dance           Hex            #.......     99%         3
 Petrify                  Tmut/Erth      #.......     100%        4
 Alistair's Intoxication  Tmut/Pois      #........    100%        5
 Metabolic Englaciation   Hex/Ice        #.........   100%        5
 Summon Demon             Summ           #.........   100%        5
 Summon Forest            Summ/Tloc      #.........   100%        5
 Summon Mana Viper        Hex/Summ       #.......     100%        5
 Yara's Violent Unravell  Hex/Tmut       #.........   100%        5
 Invisibility             Hex            #.......     100%        6
 Shadow Creatures         Summ           N/A          100%        6
 Summon Hydra             Summ           #.........   100%        7


Dungeon Overview and Level Annotations

Branches:
Dungeon (11/15)            Temple (1/1) D:4            Lair (6/6) D:10
 Shoals (0/4) Lair:2       Spider (0/4) Lair:2        Slime (0/5) Lair:6
  Sewer (visited)         Gauntlet (visited)
    Orc: D:9-12

Altars:
Ashenzari
Cheibriados
Dithmenos
Elyvilon
Fedhas
Gozag
Hepliaklqana
Kikubaaqudgha
Makhleb
Nemelex Xobeh
Okawaru
Qazlal
Ru
Sif Muna
Trog
Uskayaw
Vehumet
Wu Jian
Xom
Yredelemnul
Zin
The Shining One

Shops:
D:8 [   D:9 ?

Annotations:
D:9 2 transporters, rogsnak's ghost, novice GnWz
Lair:3 3 runed translucent doors, Deesahac's ghost, journeyman BaFi; Feulaj's ghost, journeyman MiBe; Nefuv's ghost, journeyman MiBe; Oluanan's ghost, journeyman DsFi; Xiemaice's ghost, journeyman DrFE


Innate Abilities, Weirdness & Mutations

You are resistant to damage.
You can heal yourself by infusing magical energy.
You resist negative energy. (rN+)
You passively map the area around you.
You do not regenerate.


Message History

You hit the dire elephant but do no damage.
The dire elephant is heavily wounded.
You block the dire elephant's attack.
The dire elephant completely misses you.
The dire elephant tramples you but does no damage.
You block the dire elephant's attack.
You hit the dire elephant but do no damage.
The dire elephant is heavily wounded.
The dire elephant tramples you.
You stumble backwards!
You block the dire elephant's attack. The dire elephant barely misses you.
You hit the dire elephant but do no damage.
The dire elephant is heavily wounded.
You block the dire elephant's attack. x2; The dire elephant tramples you.
You hold your ground!
The dire elephant trunk-slaps you.
You hit the dire elephant but do no damage.
The dire elephant is heavily wounded.
You hit the dire elephant. You burn the dire elephant.
The dire elephant is heavily wounded.
The dire elephant tramples you!!
You die...

....####†...♣#...#8.8#
#...P#.......###.#...#
##PP###.<.....##.##..###
#####.........♣#..#.Y'.##
#####.........♣##.#..'..###
.P##.....##...♣ #.####....#
.##.....##...♣# #...8#...##
.#...P.##....######..'...##
............♣#).@YY..##...#
......#..P..♣#..Y#####...##
....##.###..##...# ##..#
..#######...##P..# #..# .##
##..##...# ♣..# ##
#...♣#..P# *♣8♣## #
#...###### ♣[♣ ##### ♣♣*


You could see 3 dire elephants.

Vanquished Creatures
  An entropy weaver (Gauntlet)
  A minotaur (Gauntlet)
  A rakshasa (D:11)
  3 hydras
  Fannar (D:10)
  Harold (D:8)
  An anaconda (Lair:6)
  2 two-headed ogres (D:11)
  A lindwurm (Lair:3)
  An oklob plant (Gauntlet)
  Pikel (D:5)
  An orb spider (Lair:2)
  A manticore (D:11)
  5 elephants (Lair:6)
  6 black mambas
  Joseph (D:7)
  Psyche (D:9)
  13 cane toads
  A torpor snail (Lair:6)
  4 rime drakes
  2 minotaur zombies (Gauntlet)
  3 centaur skeletons (D:11)
  Maggie (D:8)
  12 komodo dragons
  A troll (D:10)
  3 polar bears
  Prince Ribbit (D:5)
  5 dream sheep (Lair:3)
  A slime creature (Lair:6)
  8 blink frogs
  A meliai zombie (D:11)
  2 redbacks (Gauntlet)
  2 wyverns
  59 yaks
  Eustachio (D:5)
  5 basilisks
  5 chaos spawn
  A neqoxec (Gauntlet)
  A warg (D:11)
  2 acid dragons (Gauntlet)
  26 water moccasins
  4 ice beasts
  5 orc warriors
  A black bear (Lair:3)
  3 phantoms
  3 sky beasts
  2 necrophages
  6 ogres
  6 wolves (Lair:1)
  3 centaurs
  A lemure (D:5)
  6 big kobolds
  13 bullfrogs
  2 water moccasin zombies (D:11)
  3 scorpions
  6 killer bees (D:8)
  A howler monkey (D:5)
  10 wights (D:8)
  8 jellies
  3 hounds
  10 orc priests
  2 gnoll shamans
  Ijyb (D:3)
  3 bullfrog skeletons
  2 iguanas
  8 orc wizards
  Natasha (twice) (D:3)
  9 worker ants
  Robin (D:2)
  11 gnolls
  13 adders
  5 river rats
  A shadow imp (D:5)
  A white imp (D:8)
  5 ufetubi
  7 oozes
  An adder zombie (D:6)
  4 adder skeletons
  13 worms
  A dart slug (D:4)
  5 leopard geckos
  34 orcs
  5 giant cockroaches
  2 gnoll zombies (D:2)
  11 goblins
  11 hobgoblins
  9 jackals
  20 kobolds
  5 quokkas
  A ball python (Sewer)
  6 bats
  7 frilled lizards
  2 jackal skeletons (D:9)
  A jackal zombie (D:5)
  14 rats
508 creatures vanquished.

Vanquished Creatures (others)
  12 fungi
  25 plants
37 creatures vanquished.

Grand Total: 545 creatures vanquished

Notes
Turn   | Place    | Note
-------+----------+-------------------------------------------
     0 | D:1      | timneilson the Deep Dwarf Fighter began the quest for the
                  | Orb.
     0 | D:1      | Reached XP level 1. HP: 20/20 MP: 1/1
   121 | D:1      | Reached XP level 2. HP: 16/27 MP: 2/2
   578 | D:1      | Reached XP level 3. HP: 32/33 MP: 3/3
   832 | D:2      | Noticed Robin
   971 | D:2      | Killed Robin
   980 | D:2      | Reached XP level 4. HP: 37/42 MP: 4/4
  1100 | D:2      | Found a faded altar of an unknown god.
  1364 | D:2      | Found a basalt altar of Yredelemnul.
  1575 | D:3      | Reached XP level 5. HP: 20/49 MP: 5/5
  1645 | D:3      | Found a glowing drain.
  1649 | Sewer    | Entered a sewer
  1760 | Sewer    | Reached skill level 5 in Shields
  1760 | Sewer    | Reached XP level 6. HP: 45/56 MP: 6/6
  1844 | Sewer    | Reached skill level 5 in Armour
  2117 | Sewer    | Reached XP level 7. HP: 45/63 MP: 7/7
  2355 | D:3      | Noticed Natasha
  2361 | D:3      | Killed Natasha
  2463 | D:3      | Noticed Ijyb
  2481 | D:3      | Killed Ijyb
  3013 | D:3      | Noticed Natasha
  3018 | D:3      | Killed Natasha
  3117 | D:4      | Found a snail-covered altar of Cheibriados.
  3190 | D:4      | Found a staircase to the Ecumenical Temple.
  3209 | Temple   | Entered the Ecumenical Temple
  3250 | Temple   | Became a worshipper of Makhleb the Destroyer
  3441 | D:4      | Reached skill level 5 in Long Blades
  3753 | D:4      | Reached XP level 8. HP: 40/72 MP: 8/8
  4079 | D:5      | Entered Level 5 of the Dungeon
  4099 | D:5      | Noticed Prince Ribbit
  4182 | D:5      | Noticed Pikel
  4223 | D:5      | Killed Pikel
  4274 | D:5      | Found a shimmering altar of Xom.
  4276 | D:5      | Found a shimmering altar of Xom.
  4277 | D:5      | Found a shimmering altar of Xom.
  4291 | D:5      | Noticed Eustachio
  4387 | D:5      | Reached * piety under Makhleb
  4404 | D:5      | Killed Prince Ribbit
  4404 | D:5      | Gained mutation: You passively map the area around you.
                  | [Deep Dwarf growth]
  4404 | D:5      | Reached XP level 9. HP: 30/80 MP: 7/7
  4515 | D:5      | Reached skill level 5 in Fighting
  4594 | D:5      | Killed Eustachio
  4626 | D:5      | Found a shadowy altar of Dithmenos.
  4798 | D:5      | Found a shimmering blue altar of Sif Muna.
  4980 | D:6      | Got a warped long sword
  5193 | D:6      | Reached ** piety under Makhleb
  5303 | D:6      | Found a sparkling altar of Nemelex Xobeh.
  5585 | D:5      | Noticed a rust devil
  5585 | D:5      | Noticed a rust devil
  5868 | D:7      | Noticed Joseph
  5882 | D:7      | Killed Joseph
  6151 | D:7      | Found a stormy altar of Qazlal.
  6222 | D:7      | Reached XP level 10. HP: 56/91 MP: 7/7
  6593 | D:7      | Identified the +6 long sword of Frustration {flame, Int+4}
                  | (You found it on level 6 of the Dungeon)
  6846 | D:8      | Found Nahos's Armour Shop.
  6915 | D:8      | Reached skill level 1 in Invocations
  6915 | D:8      | Reached skill level 1 in Evocations
  6961 | D:8      | Noticed Maggie
  6976 | D:8      | Killed Maggie
  7150 | D:8      | Noticed Harold
  7166 | D:8      | Killed Harold
  7362 | D:8      | Reached *** piety under Makhleb
  7481 | D:9      | Found Pang's Magic Scroll Boutique.
  7593 | D:9      | Found a transporter.
  7601 | D:9      | Noticed rogsnak's ghost (novice GnWz)
  7724 | D:9      | Found a sparkling altar of Nemelex Xobeh.
  7887 | D:9      | Found a transporter.
  7919 | D:9      | Noticed Psyche
  7925 | D:9      | Killed Psyche
  7925 | D:9      | Reached skill level 10 in Shields
  7961 | D:9      | Reached skill level 10 in Armour
  8122 | D:10     | Entered Level 10 of the Dungeon
  8170 | D:10     | Reached **** piety under Makhleb
  8190 | D:10     | Reached XP level 11. HP: 97/97 MP: 10/10
  8305 | D:10     | Found a staircase to the Lair.
  8377 | D:10     | Noticed Fannar
  8410 | D:10     | Killed Fannar
  8752 | D:11     | Reached skill level 5 in Evocations
  8779 | D:10     | Reached skill level 5 in Invocations
  8849 | D:11     | Reached ***** piety under Makhleb
  8858 | D:11     | Noticed a two-headed ogre
  8870 | D:11     | Killed a two-headed ogre
  8897 | D:11     | Noticed a rakshasa
  8900 | D:11     | Found a shimmering altar of Xom.
  8901 | D:11     | Found the +7 mace of Variability {chain chaos}
  8922 | D:11     | Killed a rakshasa
  8922 | D:11     | Reached skill level 10 in Long Blades
  8954 | D:11     | Noticed a two-headed ogre
  8970 | D:11     | Killed a two-headed ogre
  8970 | D:11     | Reached XP level 12. HP: 88/109 MP: 12/12
  8991 | D:11     | Noticed an eight-headed hydra
  9007 | D:11     | Killed a one-headed hydra
  9069 | Lair:1   | Entered Level 1 of the Lair of Beasts
  9172 | Lair:1   | Found a gate leading to a gauntlet.
  9183 | Gauntlet | Entered a Gauntlet
  9183 | Gauntlet | Found a transporter.
  9183 | Gauntlet | Found a transporter.
  9183 | Gauntlet | Found a transporter.
  9196 | Gauntlet | Found a transporter.
  9196 | Gauntlet | Found a transporter.
  9204 | Gauntlet | Found a transporter.
  9207 | Gauntlet | Found a transporter.
  9209 | Gauntlet | Noticed a catoblepas
  9211 | Gauntlet | Found a runed translucent door.
  9213 | Gauntlet | Found a runed translucent door.
  9215 | Gauntlet | Found a transporter.
  9233 | Gauntlet | Found a transporter.
  9239 | Gauntlet | Found a transporter.
  9241 | Gauntlet | Found a transporter.
  9243 | Gauntlet | Noticed an entropy weaver
  9251 | Gauntlet | Found a transporter.
  9461 | Gauntlet | Got a crude glass ring
  9517 | Gauntlet | Got a warped iron ring
  9666 | Gauntlet | Killed an entropy weaver
  9691 | Gauntlet | Got a warped glass ring
  9720 | Gauntlet | Noticed a minotaur
  9735 | Gauntlet | Killed a minotaur
 10380 | Lair:1   | You fall into a shaft and drop 1 floor!
 10683 | Lair:2   | Found a staircase to the Shoals.
 10696 | Lair:2   | Found a hole to the Spider Nest.
 10840 | Lair:2   | Found an ornate altar of the Wu Jian Council.
 11124 | Lair:2   | Reached XP level 13. HP: 117/117 MP: 11/11
 11398 | Lair:3   | Identified the ring "Ulunakig" {rPois rN+ Dex+2} (You found
                  | it in a Gauntlet)
 11472 | Lair:3   | Found a runed translucent gate.
 11472 | Lair:3   | Found a runed translucent gate.
 11472 | Lair:3   | Found a runed translucent gate.
 11488 | Lair:3   | Noticed Oluanan's ghost (journeyman DsFi)
 11488 | Lair:3   | Noticed Nefuv's ghost (journeyman MiBe)
 11488 | Lair:3   | Noticed Feulaj's ghost (journeyman MiBe)
 11490 | Lair:3   | Noticed Xiemaice's ghost (journeyman DrFE)
 11491 | Lair:3   | Noticed Deesahac's ghost (journeyman BaFi)
 12145 | Lair:4   | Reached ****** piety under Makhleb
 13526 | Lair:5   | Identified the ring of Past Mistakes {rC+ Int+6} (You found
                  | it in a Gauntlet)
 13527 | Lair:5   | Identified the cursed ring of Hepliaklqana's Fury {*Contam
                  | +Fly EV-4 Str+2 Dex+7} (You found it in a Gauntlet)
 13547 | Lair:6   | Entered Level 6 of the Lair of Beasts
 13680 | Lair:6   | Found a staircase to the Slime Pits.
 13901 | Lair:6   | Gained mutation: You resist negative energy. (rN+) [Deep
                  | Dwarf growth]
 13901 | Lair:6   | Reached XP level 14. HP: 118/127 MP: 12/12
 14548 | Lair:6   | Slain by a dire elephant

Illustrated notes

Levels and vault maps discovered:
D:1:      nzn_arrival_depleted_hourglass, layout_basic
D:2:      layout_rooms, lemuel_zombie_altar_yredelemnul,
          chequers_ecumenical_altar_simple, kennysheep_nondescript, uniq_robin
D:3:      layout_basic, lightli_sewer_entry_pipes, minmay_distorted, uniq_ijyb,
          uniq_natasha
D:4:      layout_loops_corners, kennysheep_slug_shrine,
          minmay_temple_entry_statues_fountains
D:5:      cheibrodos_iron_armory, layout_loops_ring, xom_redecorated,
          kennysheep_mini, led_sif_pool, uniq_pikel, uniq_prince_ribbit1,
          uniq_eustachio
D:6:      layout_rooms, nemelex_spade_bored_becter
D:7:      layout_cave_pods, nicolae_qazlal_general_emergency, uniq_joseph
D:8:      layout_basic, serial_shops, nicolae_shop_waterfront, uniq_harold,
          uniq_maggie
D:9:      layout_loops_ring, gammafunk_ghost_stat_death, serial_shops, shop,
          nemelex_lonely_heart_becter, uniq_psyche
D:10:     layout_cave_pools, lair_entry_dummy, uniq_fannar
D:11:     layout_big_octagon, erik_orc_4, minmay_guarded_unrand_variability
Temple:   nicolae_temple_elliptical
Lair:1:   layout_misc_corridors, gauntlet_entry_generic, beast_lair_carwin_9,
          grunt_megastairs_3
Lair:2:   layout_roguey, elwin_shoals_entry_rocks,
          nicolae_spider_entry_orb_guardian, basic_altar
Lair:3:   layout_concentric_octagons, gammafunk_ghost_cemetery,
          serial_bayou_shore_b
Lair:4:   layout_hall_layers
Lair:5:   layout_hall_layers, serial_bayou_pond_c, chequers_serial_rivers_room_a
Lair:6:   due_jungle_book, layout_concentric_octagons,
          minmay_slime_entry_pillars, minmay_hedge_maze,
          eino_small_chamber_without_monster, minivault_25

Skill      XL: |  1  2  3  4  5  6  7  8  9 10 11 12 13 14 |
---------------+-------------------------------------------+-----
Shields        | 4 5 6 7 9 10 11 12 13 | 13.5
Fighting       | 3 4 5 6 7 8 |  8.6
Armour         | 4 5 6 7 9 10 11 12 13 | 13.4
Long Blades    | 3 4 5 6 7 9 10 11 12 | 12.2
Invocations    | 3 5 7 8 9 |  9.0
Evocations     | 3 5 7 8 9 |  9.0

Action                   |  1- 3 |  4- 6 |  7- 9 | 10-12 | 13-15 || total
-------------------------+-------+-------+-------+-------+-------++-------
Melee: Long sword        |   144 |   299 |   564 |   821 |   606 ||  2434
       Scimitar          |       |       |    42 |     4 |       ||    46
 Abil: Heal Wounds       |     2 |     4 |    11 |    15 |     4 ||    36
Evoke: Wand              |       |       |       |     1 |       ||     1
  Use: Scroll            |     2 |       |    10 |    10 |     5 ||    27
       Potion            |       |       |     1 |     9 |       ||    10
Armor: Scale mail        |    56 |   122 |    40 |       |       ||   218
       Chain mail        |       |       |   167 |   141 |       ||   308
       Plate armour      |       |       |       |   215 |   314 ||   529
Dodge: Dodged            |    32 |    72 |   161 |   321 |   160 ||   746
Block: Kite shield       |    69 |   152 |   336 |   563 |   439 ||  1559
       Rpst.: Long sword |    10 |    18 |    34 |    86 |    44 ||   192
       Scimitar          |       |       |     3 |     1 |       ||     4

Table legend: (Time is in decaauts)
 A = Elapsed time spent in this place.
 B = Non-inter-level travel time spent in this place.
 C = Inter-level travel time spent in this place.
 D = Time resting spent in this place.
 E = Time spent auto-exploring this place.
 F = Levels seen in this place.
 G = Mean time per level.
                   A        B        C        D        E       F      G
               +--------+--------+--------+--------+--------+-----+--------+
         Total |  14851 |  14322 |    529 |    251 |   8983 |  20 |  742.5 |
       Dungeon |   8572 |   8172 |    400 |    124 |   5050 |  11 |  779.3 |
        Temple |    154 |    132 |     22 |      0 |    125 |   1 |  154.0 |
          Lair |   4735 |   4628 |    107 |      0 |   3250 |   6 |  789.2 |
         Sewer |    765 |    765 |      0 |      0 |    395 |   1 |  765.0 |
      Gauntlet |    624 |    624 |      0 |    127 |    162 |   1 |  624.0 |
               +--------+--------+--------+--------+--------+-----+--------+

Top non-repeatable levels by time:
     D:3: 1187 daAuts
  Lair:6: 945 daAuts
  Lair:3: 906 daAuts
     D:1: 900 daAuts
     D:6: 882 daAuts
     D:5: 880 daAuts
     D:7: 864 daAuts
     D:8: 831 daAuts
     D:4: 826 daAuts
  Lair:4: 823 daAuts
   Sewer: 765 daAuts
  Lair:1: 736 daAuts
    D:10: 704 daAuts
  Lair:2: 671 daAuts
  Lair:5: 651 daAuts
